 Dungeon Crawl Stone Soup version 0.24.0-37-gcf1ca852f1 (webtiles) character file.

Game seed: 651144410213951464, levelgen mode: deterministic

26082 Iamsoldier the Thaumaturge (level 13, -6/98 HPs)
             Began as a Gnoll Wizard on Nov 29, 2019.
             Was an Elder of Sif Muna.
             Mangled by a spiny frog (11 damage)
             ... on level 4 of the Lair of Beasts on Nov 30, 2019.
             The game lasted 01:25:44 (24035 turns).

Iamsoldier the Thaumaturge (Gnoll Wizard)          Turns: 24035, Time: 01:25:45

Health: -6/98      AC:  9    Str: 13    XL:     13   Next: 23%
Magic:  27/27      EV: 18    Int: 24    God:    Sif Muna [****..]
Gold:   1036       SH:  0    Dex: 15    Spells: 10/33 levels left

rFire    . . .     SeeInvis +   D - +2 halberd (flame)
rCold    . . .     Gourm    .   (shield currently unavailable)
rNeg     . . .     Faith    .   H - +0 leather armour (curse)
rPois    +         Spirit   .   v - +2 hat
rElec    .         Reflect  .   y - +2 cloak {rPois}
rCorr    .         Harm     .   (no gloves)
MR       .....                  (no boots)
Stlth    ++++......             F - amulet of magic regeneration
HPRegen  0.26/turn              I - ring of see invisible
MPRegen  0.45/turn              U - +3 ring of intelligence

@: very slightly contaminated
A: distributed training, fangs 1, strong nose
a: Channel Magic, Forget Spell, Divine Exegesis, Renounce Religion


You were on level 4 of the Lair of Beasts.
You worshipped Sif Muna.
Sif Muna was greatly pleased with you.
You were not hungry.

You visited 3 branches of the dungeon, and saw 16 of its levels.
You also visited: Sewer and Bailey.

You collected 1036 gold pieces.

Inventory:

Hand Weapons
 D - a +2 halberd of flaming (weapon)
Missiles
 i - 8 atropa-tipped darts
 s - 56 poisoned darts (quivered)
Armour
 v - a +2 hat (worn)
 y - a +2 cloak of poison resistance (worn)
 H - a cursed +0 leather armour (worn)
Jewellery
 b - an uncursed ring of ice
 h - an uncursed ring of stealth
 n - an uncursed ring of ice
 z - an uncursed ring of resist corrosion
 F - an amulet of magic regeneration (around neck)
 I - a ring of see invisible (left hand)
 L - an uncursed ring of stealth
 Q - an uncursed ring of positive energy
 U - a +3 ring of intelligence (right hand)
Wands
 a - a wand of flame (17)
 m - a wand of digging (4)
 r - a wand of scattershot (5)
 C - a wand of disintegration (6)
 J - a wand of iceblast (5)
 R - a wand of acid (11)
Scrolls
 c - 2 scrolls of remove curse
 e - 2 scrolls of amnesia
 f - 11 scrolls of teleportation
 k - 3 scrolls of blinking
 l - 2 scrolls of magic mapping
 w - a scroll of fog
 x - 5 scrolls of fear
 O - 3 scrolls of identify
 P - 2 scrolls of enchant armour
 S - a scroll of summoning
Potions
 g - a potion of experience
 j - 5 potions of might
 o - a potion of magic
 p - 5 potions of brilliance
 q - a potion of flight
 t - 10 potions of curing
 u - 2 potions of invisibility
 A - 7 potions of mutation
 B - a potion of degeneration
 E - a potion of ambrosia
 G - 2 potions of agility
 K - a potion of haste
 N - a potion of cancellation
 T - 2 potions of resistance {unknown}
Miscellaneous
 M - a lightning rod (4/4)
Comestibles
 d - 25 rations


   Skills:
 + Level 8.0 Fighting
 + Level 8.0 Short Blades
 + Level 8.0 Long Blades
 + Level 8.0 Axes
 + Level 8.0 Maces & Flails
 + Level 8.0 Polearms
 + Level 8.0 Staves
 + Level 8.0 Slings
 + Level 8.0 Bows
 + Level 8.0 Crossbows
 + Level 8.0 Throwing
 + Level 8.0 Armour
 + Level 9.2 Dodging
 + Level 9.1 Stealth
 + Level 8.0 Shields
 + Level 8.0 Unarmed Combat
 + Level 10.6 Spellcasting
 + Level 7.0 Conjurations
 + Level 6.6 Hexes
 + Level 6.6 Charms
 + Level 7.0 Summonings
 + Level 6.6 Necromancy
 + Level 7.0 Translocations
 + Level 6.6 Transmutations
 + Level 6.6 Fire Magic
 + Level 6.6 Ice Magic
 + Level 6.6 Air Magic
 + Level 6.6 Earth Magic
 + Level 6.6 Poison Magic
 + Level 8.7 Invocations
 + Level 8.0 Evocations


You had 10 spell levels left.
You knew the following spells:

 Your Spells              Type           Power        Failure   Level  Hunger
a - Magic Dart            Conj           ####         1%          1    None
b - Mephitic Cloud        Conj/Pois/Air  #####...     1%          3    None
c - Call Imp              Summ           #####...     1%          2    None
d - Conjure Flame         Conj/Fire      #####...     1%          3    None
e - Blink                 Tloc           N/A          1%          2    None
f - Fulminant Prism       Conj/Hex       #####.....   3%          4    None
g - Iskenderun's Mystic   Conj           #####...     3%          4    None
h - Petrify               Tmut/Erth      #####...     4%          4    None

Your spell library contained the following spells:

 Spells                   Type           Power        Failure   Level  Hunger
 Confusing Touch          Hex            #####.       1%          1    None
 Sting                    Conj/Pois      ####         1%          1    None
 Poisonous Vapours        Pois/Air       #####.       1%          2    None
 Searing Ray              Conj           #####.       1%          2    None
 Slow                     Hex            #####...     1%          2    None
 Confuse                  Hex            #####...     1%          3    None
 Dazzling Spray           Conj/Hex       #####.       1%          3    None
 Gell's Gravitas          Tloc           #####.....   1%          3    None
 Ignite Poison            Fire/Tmut/Pois #####...     1%          3    None
 Static Discharge         Conj/Air       #####...     1%          3    None
 Force Lance              Conj/Tloc      #####...     3%          4    None
 Cause Fear               Hex            #####.....   4%          4    None
 Aura of Abjuration       Summ           #####.....   10%         5    ####...
 Summon Forest            Summ/Tloc      #####.....   10%         5    ####...
 Summon Mana Viper        Hex/Summ       #####...     10%         5    ####...
 Alistair's Intoxication  Tmut/Pois      #####...     11%         5    ####...
 Metabolic Englaciation   Hex/Ice        #####.....   11%         5    ####...
 Silence                  Hex/Air        #####.....   11%         5    ####...
 Yara's Violent Unravell  Hex/Tmut       #####.....   11%         5    ####...
 Conjure Ball Lightning   Conj/Air       #####.....   50%         6    #####..
 Poison Arrow             Conj/Pois      #####.....   50%         6    #####..
 Deflect Missiles         Chrm/Air       #####.....   52%         6    #####..
 Summon Hydra             Summ           #####.....   96%         7    #######
 Chain Lightning          Conj/Air       #####.....   100%        8    #######
 Discord                  Hex            #####.....   100%        8    #######


Dungeon Overview and Level Annotations

Branches:
Dungeon (11/15)            Temple (1/1) D:4            Lair (4/6) D:8
    Orc (0/2) D:10          Sewer (visited)          Bailey (visited)
  Swamp: Lair:2-4    Shoals: Lair:2-4     Snake: Lair:2-4    Spider: Lair:2-4

Altars:
Ashenzari
Cheibriados
Dithmenos
Elyvilon
Fedhas
Gozag
Hepliaklqana
Kikubaaqudgha
Makhleb
Nemelex Xobeh
Okawaru
Qazlal
Ru
Sif Muna
Trog
Uskayaw
Vehumet
Wu Jian
Xom
Yredelemnul
Zin
The Shining One

Shops:
D:5 }


Innate Abilities, Weirdness & Mutations

Your experience applies equally to all skills.
You have very sharp teeth.
Your uncanny sense of smell can sniff out nearby items.


Message History

Aim: a seven-headed hydra (lightly wounded)
The orb of energy hits the seven-headed hydra!
The seven-headed hydra is moderately wounded.
There is a stone staircase leading down here.
You can't go up here!
You climb downwards.
A spiny frog comes into view.
Found a ration, a scale mail and a runed iron ring.
There is a stone staircase leading up here.
A spiny frog is nearby!
The spiny frog stings you!
* * * LOW HITPOINT WARNING * * *
The spiny frog completely misses you. The spiny frog stings you.
* * * LOW HITPOINT WARNING * * *
The spiny frog closely misses you. The spiny frog stings you!!
* * * LOW HITPOINT WARNING * * *
The spiny frog stings you!
You die...

.#..♣♣P≈≈≈≈...
......... ...
#.P......[.=. .
#...%....≈.≈P
.........♣≈≈≈≈≈
....#.....≈≈P≈♣
.......F...♣
#..@...#
...............
...............
...............
...............
...............
...............
...............


You could see a spiny frog.

Vanquished Creatures
  2 hydras
  A two-headed ogre (D:11)
  An unseen horror (D:10)
  An orc knight (Bailey)
  An oklob plant (Lair:1)
  2 cyclopes
  A black mamba (Lair:3)
  3 spiny frogs
  3 komodo dragons
  A polar bear (Lair:1)
  A tyrant leech (Lair:3)
  Prince Ribbit (D:7)
  Grinder (D:6)
  3 blink frogs (Lair:1)
  6 hippogriffs
  7 spriggans (Lair:1)
  40 yaks
  A wraith (D:11)
  2 wyverns
  A human (D:8)
  3 basilisks
  3 hogs (D:8)
  Grum (D:8)
  3 hungry ghosts
  2 swamp worms (Lair:3)
  A warg (D:10)
  An acid dragon (D:11)
  Duvessa (D:7)
  3 water moccasins
  A soldier ant (D:10)
  6 porcupines
  An orc warrior (D:10)
  A sky beast (D:5)
  A phantom (D:10)
  2 ice beasts
  2 black bears
  4 ogres
  17 wolves
  A necrophage (D:5)
  5 centaurs
  7 crocodiles
  3 big kobolds
  16 bullfrogs
  4 gnoll sergeants (D:8)
  Dowan (D:7)
  3 scorpions
  13 killer bees
  7 wights
  2 electric eels (D:8)
  2 howler monkeys
  2 centaur zombies
  4 crimson imps
  A bullfrog zombie (D:11)
  6 hounds
  2 gnoll shamans (D:8)
  3 jellies
  2 centaur skeletons
  4 orc priests
  3 iguanas
  8 orc wizards
  10 worker ants
  A killer bee zombie (D:7)
  Robin (D:1)
  33 gnolls
  12 adders
  4 river rats (D:4)
  2 shadow imps
  6 oozes
  An adder skeleton (D:7)
  6 worms
  7 leopard geckos
  24 orcs
  4 ball pythons
  3 giant cockroaches
  12 goblins
  22 hobgoblins
  17 jackals
  24 kobolds
  4 quokkas
  A ball python zombie (D:5)
  13 bats
  4 frilled lizards
  A leopard gecko zombie (D:7)
  A quokka skeleton (D:8)
  A quokka zombie (D:7)
  4 rats
449 creatures vanquished.

Vanquished Creatures (collateral kills)
  A sky beast (D:6)
  A centaur (D:6)
  A killer bee (D:7)
  A crimson imp (D:6)
  A hound (D:8)
  An orc wizard (D:9)
  An orc (D:7)
7 creatures vanquished.

Vanquished Creatures (others)
  A sky beast (D:11)
  A killer bee (D:7)
  A gnoll (D:8)
  A bush (Lair:1)
  7 fungi
  13 plants (Lair:3)
24 creatures vanquished.

Grand Total: 480 creatures vanquished

Notes
Turn   | Place    | Note
-------+----------+-------------------------------------------
     0 | D:1      | Iamsoldier the Gnoll Wizard began the quest for the Orb.
     0 | D:1      | Reached XP level 1. HP: 13/13 MP: 8/8
   232 | D:1      | Reached XP level 2. HP: 19/19 MP: 7/10
   851 | D:2      | Reached XP level 3. HP: 25/25 MP: 6/11
   852 | D:2      | Noticed Robin
   866 | D:2      | Learned a level 3 spell: Mephitic Cloud
   869 | D:2      | Learned a level 2 spell: Call Imp
   873 | D:2      | Learned a level 3 spell: Conjure Flame
   876 | D:2      | Learned a level 2 spell: Blink
   925 | D:1      | Killed Robin
   925 | D:1      | Reached skill level 1 in Invocations
  1500 | D:2      | Found a faded altar of an unknown god.
  1672 | D:3      | Reached skill level 1 in Fighting
  1672 | D:3      | Reached skill level 1 in Short Blades
  1672 | D:3      | Reached skill level 1 in Long Blades
  1672 | D:3      | Reached skill level 1 in Axes
  1672 | D:3      | Reached skill level 1 in Maces & Flails
  1672 | D:3      | Reached skill level 1 in Polearms
  1672 | D:3      | Reached skill level 1 in Staves
  1672 | D:3      | Reached skill level 1 in Slings
  1672 | D:3      | Reached skill level 1 in Bows
  1672 | D:3      | Reached skill level 1 in Crossbows
  1672 | D:3      | Reached skill level 1 in Throwing
  1672 | D:3      | Reached skill level 1 in Armour
  1672 | D:3      | Reached skill level 1 in Shields
  1672 | D:3      | Reached skill level 1 in Unarmed Combat
  1672 | D:3      | Reached skill level 1 in Evocations
  1826 | D:3      | Found a blossoming altar of Fedhas.
  1890 | D:3      | Reached XP level 4. HP: 32/32 MP: 10/13
  2908 | D:4      | Noticed an ogre
  3201 | D:4      | Reached skill level 1 in Hexes
  3201 | D:4      | Reached skill level 1 in Charms
  3201 | D:4      | Reached skill level 1 in Necromancy
  3201 | D:4      | Reached skill level 1 in Transmutations
  3201 | D:4      | Reached skill level 1 in Fire Magic
  3201 | D:4      | Reached skill level 1 in Ice Magic
  3201 | D:4      | Reached skill level 1 in Air Magic
  3201 | D:4      | Reached skill level 1 in Earth Magic
  3201 | D:4      | Reached skill level 1 in Poison Magic
  3233 | D:4      | Noticed a bullfrog
  3252 | D:4      | Killed a bullfrog
  3252 | D:4      | Reached XP level 5. HP: 37/37 MP: 1/14
  3303 | D:4      | Found a glowing drain.
  3307 | D:4      | Reached XP level 6. HP: 36/44 MP: 16/16
  3312 | Sewer    | Entered a sewer
  4419 | D:4      | Reached skill level 5 in Dodging
  4854 | D:4      | Found a staircase to the Ecumenical Temple.
  4863 | Temple   | Entered the Ecumenical Temple
  4920 | Temple   | Became a worshipper of Sif Muna the Loreminder
  5339 | D:5      | Entered Level 5 of the Dungeon
  5339 | D:5      | Noticed a necrophage
  5360 | D:5      | Killed a necrophage
  5360 | D:5      | Reached XP level 7. HP: 50/50 MP: 3/18
  6415 | D:5      | Found Lisetig's Gadget Emporium.
  6841 | D:6      | Reached skill level 5 in Stealth
  6978 | D:6      | Noticed Grinder
  7351 | D:6      | Paralysed by Grinder for 3 turns
  7401 | D:6      | Killed Grinder
  7401 | D:6      | Reached XP level 8. HP: 36/57 MP: 0/19
  8327 | D:7      | Found a shimmering altar of Xom.
  8375 | D:7      | Noticed Duvessa
  8376 | D:7      | Noticed Dowan
  9073 | D:7      | Reached skill level 8 in Spellcasting
  9663 | D:7      | Noticed Prince Ribbit
  9674 | D:7      | Killed Prince Ribbit
  9674 | D:7      | Reached XP level 9. HP: 50/65 MP: 8/21
  9803 | D:7      | Reached * piety under Sif Muna
  9818 | D:7      | Killed Duvessa
  9831 | D:7      | Killed Dowan
 10990 | D:7      | Found a shimmering altar of Xom.
 11517 | D:8      | Reached skill level 5 in Invocations
 11521 | D:8      | Reached ** piety under Sif Muna
 11581 | D:8      | Noticed Grum
 11587 | D:8      | Killed Grum
 11732 | D:8      | Reached XP level 10. HP: 70/73 MP: 2/22
 12527 | D:8      | Found a staircase to the Lair.
 12711 | Lair:1   | Entered Level 1 of the Lair of Beasts
 12731 | Lair:1   | Reached skill level 5 in Fighting
 12731 | Lair:1   | Reached skill level 5 in Short Blades
 12731 | Lair:1   | Reached skill level 5 in Long Blades
 12731 | Lair:1   | Reached skill level 5 in Axes
 12731 | Lair:1   | Reached skill level 5 in Maces & Flails
 12731 | Lair:1   | Reached skill level 5 in Polearms
 12731 | Lair:1   | Reached skill level 5 in Staves
 12731 | Lair:1   | Reached skill level 5 in Slings
 12731 | Lair:1   | Reached skill level 5 in Bows
 12731 | Lair:1   | Reached skill level 5 in Crossbows
 12731 | Lair:1   | Reached skill level 5 in Throwing
 12731 | Lair:1   | Reached skill level 5 in Armour
 12731 | Lair:1   | Reached skill level 5 in Shields
 12731 | Lair:1   | Reached skill level 5 in Unarmed Combat
 12731 | Lair:1   | Reached skill level 5 in Evocations
 12924 | Lair:1   | Reached skill level 9 in Spellcasting
 13093 | D:8      | Reached *** piety under Sif Muna
 13276 | D:8      | Reached skill level 5 in Conjurations
 13276 | D:8      | Reached skill level 5 in Summonings
 13276 | D:8      | Reached skill level 5 in Translocations
 14109 | D:9      | Found a flagged portal.
 14125 | Bailey   | Entered a bailey
 14169 | Bailey   | Reached **** piety under Sif Muna
 14330 | Bailey   | Noticed an orc knight
 14342 | Bailey   | Killed an orc knight
 14342 | Bailey   | Reached XP level 11. HP: 44/81 MP: 2/24
 14751 | D:9      | Found a glowing silver altar of Zin.
 14899 | D:9      | Found an ornate altar of the Wu Jian Council.
 14899 | D:9      | Found a faded altar of an unknown god.
 14910 | D:9      | Found a faded altar of an unknown god.
 14912 | D:9      | Found an ancient bone altar of Kikubaaqudgha.
 14914 | D:9      | Found a stormy altar of Qazlal.
 15440 | D:9      | Found a shadowy altar of Dithmenos.
 15441 | D:9      | Found a glowing golden altar of the Shining One.
 15679 | D:9      | Identified the +3 leather armour of Nikh {rElec Regen+ MP+9
                  | Int+3}
 15750 | D:10     | Entered Level 10 of the Dungeon
 15759 | D:10     | Reached skill level 5 in Hexes
 15759 | D:10     | Reached skill level 5 in Charms
 15759 | D:10     | Reached skill level 5 in Necromancy
 15759 | D:10     | Reached skill level 5 in Transmutations
 15759 | D:10     | Reached skill level 5 in Fire Magic
 15759 | D:10     | Reached skill level 5 in Ice Magic
 15759 | D:10     | Reached skill level 5 in Air Magic
 15759 | D:10     | Reached skill level 5 in Earth Magic
 15759 | D:10     | Reached skill level 5 in Poison Magic
 16217 | D:10     | Killed an unseen horror
 16217 | D:10     | Reached ***** piety under Sif Muna
 16275 | D:10     | Identified Nunirem's Volume of the Entourage and Venom (Sif
                  | Muna gifted it to you on level 10 of the Dungeon)
 16275 | D:10     | Received a gift from Sif Muna
 16402 | D:10     | Found a staircase to the Orcish Mines.
 16850 | D:10     | Noticed a cyclops
 16857 | D:10     | Killed a cyclops
 17545 | D:11     | Noticed a two-headed ogre
 17561 | D:11     | Killed a two-headed ogre
 17783 | D:11     | Noticed a cyclops
 17816 | D:11     | Reached XP level 12. HP: 42/89 MP: 6/25
 18086 | D:11     | Identified a scroll of acquirement
 18660 | Lair:1   | Reached skill level 10 in Spellcasting
 20099 | Lair:1   | Noticed an eight-headed hydra
 20104 | Lair:1   | Killed a seven-headed hydra
 22235 | Lair:3   | Reached XP level 13. HP: 98/98 MP: 27/27
 22301 | Lair:3   | Identified Sif Muna's Catalogue of Weightlessness and
                  | Contamination (Sif Muna gifted it to you on level 3 of the
                  | Lair of Beasts)
 22301 | Lair:3   | Received a gift from Sif Muna
 23070 | Lair:3   | Learned a level 4 spell: Fulminant Prism
 23075 | Lair:3   | Learned a level 4 spell: Iskenderun's Mystic Blast
 23080 | Lair:3   | Learned a level 4 spell: Petrify
 23177 | Lair:3   | HP: 4/98 [tyrant leech (23)]
 24034 | Lair:4   | HP: 4/98 [spiny frog (21)]
 24035 | Lair:4   | Mangled by a spiny frog

Levels and vault maps discovered:
D:1:      minmay_arrival_semitransparent, layout_basic, minmay_unequal
D:2:      layout_basic, chequers_ecumenical_altar_grove, uniq_robin
D:3:      layout_basic, lemuel_crystal_altar, first_ration
D:4:      layout_basic, minmay_temple_entry_grid, portal_sewer_entry_e
D:5:      layout_loops_corners, serial_shops, shop
D:6:      layout_loops_ring, uniq_grinder
D:7:      layout_cave_pools, brannock_xom_greatest_gift, eino_jars,
          uniq_duvessa, uniq_prince_ribbit1
D:8:      layout_cave_pools, lair_entry_dummy, serial_gnoll_camp, grums_kennel,
          gnoll_camp_mini_hut, gnoll_camp_mini_basic, gnoll_camp_huts_moat,
          grunt_livestock, kennysheep_small_circle
D:9:      layout_loops_ring, chequers_temple_overflow_minitemple, zin_statuary,
          gammafunk_temple_overflow_statue, enter_bailey_2, serial_glass,
          glass_columns_a, glass_columns_a
D:10:     layout_loops_ring, david_orc_3, lightli_minifort
D:11:     layout_rooms, dk_vineyard_3
Temple:   eino_temple_water
Lair:1:   kb_forest_paths, layout_regular_city, minmay_lair_oklob_items
Lair:2:   layout_layer_cave
Lair:3:   layout_loops_ring, palyth_hydra_swamp_entry,
          chequers_serial_rivers_large_a, serial_bayou_shore_a
Lair:4:   layout_gridlike, spider_nest_entry_rubble, serial_bayou_ford_a

Skill      XL: |  1  2  3  4  5  6  7  8  9 10 11 12 13 |
---------------+----------------------------------------+-----
Conjurations   | 2 3 4 5 6 7 |  7.0
Summonings     | 2 3 4 5 6 7 |  7.0
Translocations | 2 3 4 5 6 7 |  7.0
Invocations    | 1 2 3 4 5 6 7 8 |  8.7
Fighting       | 1 2 3 4 5 6 7 8 |  8.0
Short Blades   | 1 2 3 4 5 6 7 8 |  8.0
Long Blades    | 1 2 3 4 5 6 7 8 |  8.0
Axes           | 1 2 3 4 5 6 7 8 |  8.0
Maces & Flails | 1 2 3 4 5 6 7 8 |  8.0
Polearms       | 1 2 3 4 5 6 7 8 |  8.0
Staves         | 1 2 3 4 5 6 7 8 |  8.0
Slings         | 1 2 3 4 5 6 7 8 |  8.0
Bows           | 1 2 3 4 5 6 7 8 |  8.0
Crossbows      | 1 2 3 4 5 6 7 8 |  8.0
Throwing       | 1 2 3 4 5 6 7 8 |  8.0
Armour         | 1 2 3 4 5 6 7 8 |  8.0
Shields        | 1 2 3 4 5 6 7 8 |  8.0
Unarmed Combat | 1 2 3 4 5 6 7 8 |  8.0
Evocations     | 1 2 3 4 5 6 7 8 |  8.0
Hexes          | 1 2 3 4 5 6 |  6.6
Charms         | 1 2 3 4 5 6 |  6.6
Necromancy     | 1 2 3 4 5 6 |  6.6
Transmutations | 1 2 3 4 5 6 |  6.6
Fire Magic     | 1 2 3 4 5 6 |  6.6
Ice Magic      | 1 2 3 4 5 6 |  6.6
Air Magic      | 1 2 3 4 5 6 |  6.6
Earth Magic    | 1 2 3 4 5 6 |  6.6
Poison Magic   | 1 2 3 4 5 6 |  6.6
Dodging        | 5 6 7 8 9 |  9.2
Stealth        | 5 6 7 8 9 |  9.1
Spellcasting   | 8 9 10 | 10.6

Action                   |  1- 3 |  4- 6 |  7- 9 | 10-12 | 13-15 || total
-------------------------+-------+-------+-------+-------+-------++-------
Melee: Unarmed           |     3 |       |       |       |       ||     3
       Whip              |     3 |    20 |       |       |       ||    23
       Spear             |       |   129 |    54 |       |       ||   183
       Bite              |       |    10 |     9 |    38 |     9 ||    66
       Punch             |       |     1 |       |       |       ||     1
       Halberd           |       |       |   164 |   699 |    98 ||   961
Throw: Dart              |       |     1 |     7 |     2 |       ||    10
 Cast: Magic Dart        |    66 |   108 |   278 |   204 |     4 ||   660
       Conjure Flame     |     1 |     6 |    25 |    43 |    15 ||    90
       Mephitic Cloud    |       |     5 |    17 |    91 |    13 ||   126
       Call Imp          |       |       |    16 |     1 |       ||    17
       Blink             |       |       |     5 |     2 |     5 ||    12
       Iskenderun's Myst |       |       |       |       |     2 ||     2
Evoke: Wand              |       |       |       |    13 |     1 ||    14
  Use: Scroll            |     5 |     5 |     2 |    15 |     3 ||    30
       Potion            |       |     7 |       |     2 |       ||     9
 Stab: Confused          |       |     3 |    10 |    37 |     7 ||    57
       Sleeping          |       |     2 |       |    11 |     1 ||    14
       Invisible         |       |     1 |       |       |       ||     1
       Distracted        |       |       |     3 |     1 |     1 ||     5
  Eat: Chunk             |     3 |     9 |    15 |    27 |     4 ||    58
       Ration            |       |       |     2 |     3 |     1 ||     6
Armor: Robe              |     2 |    38 |     1 |       |       ||    41
       Leather armour    |       |       |    31 |    97 |    11 ||   139
Dodge: Dodged            |    21 |   120 |   207 |   408 |    59 ||   815
Block: Buckler           |       |    11 |    26 |       |       ||    37
